 Dungeon Sprint DCSS version 0.30-a0-137-gd8773701ce (webtiles) character file.

Game seed: 4311363614255665164

2 Pilot the Trooper (level 1, -2/14 HPs)
             Began as a Gargoyle Fighter on Sept 22, 2022.
             Slain by Jessica
             ... wielding a +5 dagger of speed
              (3 damage)
             ... in the Dungeon (Sprint III: "The Ten Rune Challenge").
             The game lasted 00:00:18 (16 turns).

Pilot the Trooper (Gargoyle Fighter)                  Turns: 16, Time: 00:00:19

Health: -2/14      AC:  9    Str: 19    XL:     1   Next: 30%
Magic:  1/1        EV:  9    Int:  8    God:
Gold:   0          SH:  4    Dex:  9    Spells: 0/0 levels left

rFire   . . .      SeeInvis .    a - +0 flail
rCold   . . .      Faith    .    c - +0 buckler
rNeg    + . .      Spirit   .    b - +0 scale mail
rPois   ∞          Reflect  .    (no helmet)
rElec   +          Harm     .    (no cloak)
rCorr   .          Rampage  .    (no gloves)
Will    .....      NoTele   +    (no boots)
Stlth   ..........               (no amulet)
HPRegen 0.04/turn                (no ring)
MPRegen 0.07/turn                (no ring)

@: no status effects
A: sickness immunity, AC +2, negative energy resistance 1, electricity
resistance, torment resistance 1, petrification resistance
a: no special abilities


You were in the Dungeon.
You visited 1 branch

Inventory:

Hand Weapons
 a - a +0 flail (weapon)
Missiles
 k - 5 stones (quivered)
Armour
 b - a +0 scale mail (worn)
 c - a +0 buckler (worn)
Scrolls
 j - a scroll of blinking
Potions
 d - a potion of might
 e - a potion of curing
 f - a potion of heal wounds
 g - a potion of haste
 h - 2 potions of magic
 i - a potion of berserk rage


   Skills:
 + Level 3.6 Fighting
 + Level 2.1 Maces & Flails
 + Level 3.5 Armour
 * Level 0.1 Dodging
 + Level 3.6 Shields


You couldn't memorise any spells.
You didn't know any spells.
Your spell library was empty.

Dungeon Overview and Level Annotations

Branches:
Dungeon (1/1)

Altars:

Annotations:
D Jessica


Innate Abilities, Weirdness & Mutations

You are immune to sickness and miasma.
Your stone body is resilient. (AC +2)
You are immune to poison.
You resist negative energy. (rN+)
You are resistant to electric shocks. (rElec)
You are resistant to unholy torment.
You are immune to petrification.


Message History

Found a staircase leading out of the dungeon.
No target in view!
As you open the door, it creaks loudly!
A rat comes into view.
Found 5 stones.
A rat comes into view.
The rat barely misses you.
There is an open door here.
You hit the rat.
You kill the rat!
The rat bites you but does no damage.
You hit the rat.
You kill the rat!
You see here 5 stones.
k - 5 stones You open the door.
A rat comes into view.
Jessica the Apprentice Sorceress comes into view.
She is wielding a +5 dagger of speed.
Found 6 stones.
Jessica shouts!
The rat bites you but does no damage.
There is an open door here.
You hit the rat.
The rat is heavily wounded.
The rat bites you but does no damage. You block Jessica's attack.
The rat bites you but does no damage.
You hit the rat.
You kill the rat!
Jessica gestures wildly while chanting.
Jessica blinks!
Jessica mumbles some strange words.
Jessica seems to speed up.
Jessica casts a spell at you. Pain shoots through your body!
Jessica hits you with a +5 dagger of speed!
Ouch! That really hurt!
* * * LOW HITPOINT WARNING * * *
You closely miss Jessica. Jessica hits you but does no damage.
Jessica hits you with a +5 dagger of speed.
You die...

▓▓▓▓
▓<.#
▓..#
▓#'####
▓..†.@#
▓....@#
▓.....#
▓####'#
▓(...†#
▓.....#
▓.....#
▓+#####


You could see Jessica (fast).

Vanquished Creatures
  3 rats (D)
3 creatures vanquished.

Notes
Turn   | Place    | Note
-------+----------+-------------------------------------------
     0 | D        | Pilot the Gargoyle Fighter began the quest for the Orb.
     0 | D        | Reached XP level 1. HP: 14/14 MP: 1/1
    11 | D        | Noticed Jessica
    16 | D        | Slain by Jessica

Illustrated notes

Levels and vault maps discovered:
D:        dungeon_sprint_mu [sprint_mu_entry_forest, sprint_mu_temple_rooms,
          sprint_mu_d1_horrors, sprint_mu_d2_genie, sprint_mu_d3_branching,
          sprint_mu_orc_legion, sprint_mu_elf_gauntlet, sprint_mu_hive_nellie,
          sprint_mu_lair_fedhas, sprint_mu_vaults_butterflies,
          sprint_mu_slime_circle, sprint_mu_swamp_cave, sprint_mu_shoals_kraken,
          sprint_mu_blade_basic, sprint_mu_crypt_fortress,
          sprint_mu_tomb_spiral, sprint_mu_vestibule_basic,
          sprint_mu_gehenna_hellfire, sprint_mu_dis_giant,
          sprint_mu_tartarus_statrot, sprint_mu_cocytus_islands, sprint_mu_zot1]

Action                   || total
-------------------------++-------
Melee: Flail             ||     5
Armor: Scale mail        ||     5
Dodge: Dodged            ||     1
Block: Buckler           ||     1

Table legend: (Time is in decaauts)
 A = Elapsed time spent in this place.
 B = Non-inter-level travel time spent in this place.
 C = Inter-level travel time spent in this place.
 D = Time resting spent in this place.
 E = Time spent auto-exploring this place.
 F = Levels seen in this place.
 G = Mean time per level.
                   A        B        C        D        E       F      G
               +--------+--------+--------+--------+--------+-----+--------+
         Total |     17 |     12 |      5 |      0 |      0 |   1 |   17.0 |
       Dungeon |     17 |     12 |      5 |      0 |      0 |   1 |   17.0 |
               +--------+--------+--------+--------+--------+-----+--------+

Top non-repeatable levels by time:
       D: 17 daAuts
